 Dungeon Crawl Stone Soup version 0.18.1-48-g4cf74bf (webtiles) character file.

1870 Heedrag the Destroyer (level 8, 0/45 HPs)
             Began as a Deep Elf Conjurer on Aug 14, 2016.
             Slain by an orc (5 damage)
             ... on level 6 of the Dungeon.
             The game lasted 00:13:26 (7347 turns).

Heedrag the Destroyer (Deep Elf Conjurer)           Turns: 7347, Time: 00:13:27

Health: 0/45       AC:  3    Str:  7    XL:     8   Next: 90%
Magic:  0/20       EV: 14    Int: 21    God:
Gold:   363        SH:  0    Dex: 15    Spells: 3 memorised, 11 levels left

rFire  . . .     SeeInvis .     x - +2 mace (holy)
rCold  . . .     Gourm    .     a - +0 robe
rNeg   . . .     Faith    .     (no shield)
rPois  .         Spirit   .     (no helmet)
rElec  .         Dismiss  .     (no cloak)
rCorr  .         Reflect  .     t - +0 pair of gloves (curse)
SustAt .         Harm     .     (no boots)
MR     .....                    (no amulet)
Stlth  ++........               (no ring)
                                j - ring of wizardry

@: drained, not resistant to hostile enchantments, unstealthy
A: no striking features
a: no special abilities


You were on level 6 of the Dungeon.
You were very hungry.

You visited 1 branch of the dungeon, and saw 6 of its levels.

You collected 363 gold pieces.

Inventory:

Hand Weapons
 h - a +0 dagger
 w - a +0 blowgun
 x - a +2 mace of holy wrath (weapon)
 E - the cursed +0 war axe of Income {venom, rF+}
   (You found it on level 5 of the Dungeon)

   It poisons the flesh of those it strikes.
   It protects you from fire.
   It has a curse placed upon it.
Missiles
 u - 51 poisoned needles
Armour
 a - a +0 robe (worn)
 t - a cursed +0 pair of gloves (worn)
Jewellery
 j - a ring of wizardry (left hand)
Wands
 y - a wand of teleportation (2/9)
Scrolls
 e - 14 scrolls of identify
 f - 6 scrolls of remove curse {unknown}
 g - 2 scrolls of fear {unknown}
 i - a scroll of recharging {unknown}
 l - 5 scrolls of noise {unknown}
 o - a scroll of fog {unknown}
 v - 2 scrolls of immolation {unknown}
 z - 2 scrolls of enchant armour {unknown}
 H - a scroll of enchant weapon {unknown}
Potions
 d - 2 potions of heal wounds {unknown}
 k - 3 potions of magic {unknown}
 m - a potion of lignification {unknown}
 p - a potion of degeneration {unknown}
 q - a potion of might {unknown}
 r - a potion of brilliance {unknown}
 s - a potion of curing {unknown}
 A - a potion of invisibility {unknown}
 D - a potion of cancellation {unknown}
 F - a potion of flight {unknown}
Books
 b - a book of Conjurations

   Spells                             Type                      Level
   a - Magic Dart                     Conjuration                  1
   b - Searing Ray                    Conjuration                  2
   c - Dazzling Spray                 Conjuration/Hexes            3
   d - Fulminant Prism                Conjuration/Hexes            4
   e - Iskenderun's Mystic Blast      Conjuration                  4
   f - Iskenderun's Battlesphere      Conjuration/Charms           5
Comestibles
 c - 5 bread rations
 n - 2 meat rations
 B - 5 fruits
 C - a beef jerky
 G - a chunk of flesh


   Skills:
 + Level 2.5(1.4) Fighting
 + Level 4.8(3.6) Dodging
 - Level 2.4(1.3) Stealth
 + Level 7.3(6.0) Spellcasting
 * Level 9.7(8.4) Conjurations
 + Level 6.1(4.9) Charms


You had 11 spell levels left.
You knew the following spells:

 Your Spells              Type           Power        Failure   Level  Hunger
a - Magic Dart            Conj           ####         1%          1    None
b - Iskenderun's Mystic   Conj           #####...     1%          4    ####...
c - Iskenderun's Battles  Conj/Chrm      ####....     9%          5    #####..


Dungeon Overview and Level Annotations

Branches:
Dungeon (6/15)
 Temple: D:4-7

Altars:
Cheibriados
Dithmenos
Fedhas
Kikubaaqudgha
Makhleb
Nemelex Xobeh
Sif Muna
Yredelemnul


Message History

Confirm wit' . or Enter, or press ? or * ta list all spells.
Aimin': Magic Dart
Press: ? - help, Shift-Dir - straight line, f - orc
Aim: an orc Tha magic dart hits tha orc.
Tha orc be severely wounded.
Tha orc closely misses ye.
Castin': Magic Dart Confirm wit' . or Enter, or press ? or * ta list all spells.
Ye dinnae haf enough magic ta cast tha spell.
Unknown command.
Ye hit tha orc.
Tha orc be almost dead.
Tha rat bites ye but does nay damage.
Tha orc hits ye.
* * * LOW HITPOINT WARNIN'
* * * Tha rat misses ye.
Ye barely miss tha orc.
Tha orc be almost dead.
Tha orc hits ye.
Ye die...

##.#...##
#[#
##.###.##.#
##..##...##
##†##...%#
#.o.....#
###r....#
##...%#
#ror##
##@##
###########
######
..........#
#.#
.####.###.#
#.# ## #.#
#.# #.# #
#.###.###.#
#.........#
#####.#####
# ###.#


You could see 2 orcs and 3 rats.

Vanquished Creatures
  Grinder (D:4)
  Menkaure (D:6)
  The ghost of dvd the Gusty, an amateur HEAE (D:4)
  2 ogres
  4 giant frogs (D:6)
  A jelly (D:6)
  A scorpion (D:6)
  A howler monkey (D:6)
  A crimson imp (D:5)
  A giant frog skeleton (D:5)
  2 hounds
  3 orc priests
  2 iguanas (D:4)
  Ijyb (D:3)
  5 orc wizards
  A hell rat (D:6)
  5 worker ants
  Robin (D:3)
  4 river rats (D:6)
  8 adders
  A shadow imp (D:6)
  An ooze (D:3)
  4 worms
  An adder skeleton (D:4)
  3 dart slugs
  5 giant geckos
  19 orcs
  3 giant cockroaches
  10 hobgoblins
  17 jackals
  A quokka (D:2)
  A ball python (D:3)
  7 bats
  A giant gecko skeleton (D:6)
  6 giant newts
  19 goblins
  9 kobolds
  17 rats
171 creatures vanquished.

Notes
Turn   | Place    | Note
--------------------------------------------------------------
     0 | D:1      | Heedrag the Deep Elf Conjurer began the quest for the Orb.
     0 | D:1      | Reached XP level 1. HP: 10/10 MP: 6/6
   293 | D:1      | Reached XP level 2. HP: 14/15 MP: 1/8
   655 | D:1      | Reached skill level 5 in Conjurations
   836 | D:1      | Reached XP level 3. HP: 19/19 MP: 6/10
  1052 | D:2      | Found a shadowy altar of Dithmenos.
  1207 | D:2      | Found a deep blue altar of Sif Muna.
  1284 | D:2      | Found a snail-covered altar of Cheibriados.
  1333 | D:2      | Found a faded altar to an unknown god.
  1624 | D:2      | Reached XP level 4. HP: 24/24 MP: 8/12
  1990 | D:2      | Reached skill level 6 in Conjurations
  2031 | D:2      | Learned a level 4 spell: Iskenderun's Mystic Blast
  2181 | D:3      | Reached XP level 5. HP: 28/28 MP: 6/13
  2615 | D:3      | Learned a level 5 spell: Iskenderun's Battlesphere
  2702 | D:3      | Found a burning altar of Makhleb.
  2714 | D:3      | Noticed Ijyb
  2725 | D:3      | Killed Ijyb
  2781 | D:3      | Reached skill level 5 in Spellcasting
  2781 | D:3      | Reached skill level 1 in Charms
  2962 | D:3      | Noticed Robin
  2965 | D:3      | Killed Robin
  3100 | D:3      | Found a sparkling altar of Nemelex Xobeh.
  3100 | D:3      | Found an ancient bone altar of Kikubaaqudgha.
  3550 | D:4      | Reached XP level 6. HP: 32/32 MP: 8/15
  3614 | D:4      | Reached skill level 7 in Conjurations
  3685 | D:4      | Noticed Grinder
  3693 | D:4      | Noticed dvd's ghost (amateur HEAE)
  4060 | D:4      | Killed dvd's ghost
  4220 | D:4      | Reached XP level 7. HP: 36/36 MP: 1/17
  4377 | D:4      | Found a basalt altar of Yredelemnul.
  4468 | D:4      | Killed Grinder
  4468 | D:4      | Reached skill level 8 in Conjurations
  4662 | D:4      | Found a blossoming altar of Fedhas.
  4838 | D:5      | Entered Level 5 of the Dungeon
  5493 | D:5      | Got a shimmering war axe
  5494 | D:5      | Identified the cursed +0 war axe of Income {venom, rF+} (You found it on level 5 of the Dungeon)
  5516 | D:5      | Reached skill level 1 in Fighting
  5545 | D:5      | Reached skill level 5 in Charms
  5552 | D:5      | Reached XP level 8. HP: 43/43 MP: 9/19
  6010 | D:6      | Reached skill level 9 in Conjurations
  6522 | D:6      | Noticed Menkaure
  6526 | D:6      | Killed Menkaure
  7347 | D:6      | Slain by an orc

Skill      XL: |  1  2  3  4  5  6  7  8 |
---------------+-------------------------+-----
Conjurations   | 5 6 7 8 9 |  9.7
Spellcasting   | 4 5 6 7 |  7.3
Charms         | 2 3 5 6 |  6.1
Dodging        | 3 4 |  4.8
Fighting       | 1 2 |  2.5
Stealth        | |  2.4

Action                   |  1- 3 |  4- 6 |  7- 9 || total
-------------------------+-------+-------+-------++-------
Melee: Dagger            |    26 |       |       ||    26
       Mace              |       |       |    15 ||    15
 Cast: Magic Dart        |    72 |   183 |   136 ||   391
       Iskenderun's Batt |       |     5 |    20 ||    25
  Use: Scroll            |       |       |     1 ||     1
  Eat: Chunk             |     2 |     7 |    11 ||    20
       Meat ration       |       |     1 |       ||     1
Armor: Robe              |    10 |     4 |     6 ||    20
Dodge: Dodged            |    33 |    20 |    35 ||    88
